 Dungeon Crawl Stone Soup version 0.30.1-4-g462c640d31 (webtiles) character file.

Game seed: 2959535829889672087

51 Anandil the Trooper (level 3, -4/29 HPs)
             Began as a Demonspawn Fighter on Aug 11, 2023.
             Killed from afar by Terence (8 damage)
             ... with a puff of flame
             ... on level 2 of the Dungeon.
             The game lasted 00:01:47 (784 turns).

Anandil the Trooper (Demonspawn Fighter)             Turns: 784, Time: 00:01:47

Health: -4/29      AC:  9    Str: 18    XL:     3   Next: 58%
Magic:  3/3        EV:  7    Int:  9    God:
Gold:   102        SH:  5    Dex: 18    Spells: 2/2 levels left

rFire   . . .        a - +0 trident
rCold   . . .        c - +0 buckler
rNeg    . . .        i - +0 chain mail
rPois   .            (no helmet)
rElec   .            (no cloak)
rCorr   +            (no gloves)
SInv    .            (no boots)
Will    .....        (no amulet) Stlth
                     f - +6 ring of dexterity
HPRegen 0.24/turn    n - ring of resist corrosion
MPRegen 0.08/turn

%: no passive effects
@: mighty
A: ignite blood 1
a: no special abilities


You were on level 2 of the Dungeon.
You visited 1 branch of the dungeon, and saw 2 of its levels.

You collected 102 gold pieces.

Inventory:

Hand Weapons
 a - a +0 trident (weapon)
Missiles
 o - 4 javelins (quivered)
Armour
 b - a +0 scale mail
 c - a +0 buckler (worn)
 i - a +0 chain mail (worn)
Jewellery
 f - a +6 ring of dexterity (left hand)
 l - a ring of magical power
 n - a ring of resist corrosion (right hand)
Scrolls
 e - a scroll of teleportation {unknown}
 g - a scroll of acquirement {unknown}
 h - a scroll of vulnerability {unknown}
 j - 3 scrolls of enchant armour {unknown}
 k - a scroll of identify {unknown}
Potions
 m - a potion of curing {unknown}


   Skills:
 + Level 3.4 Fighting
 + Level 2.3 Polearms
 + Level 3.1 Armour
 + Level 3.1 Shields


You had 2 spell levels left.
You didn't know any spells.
Your spell library contained the following spells:

 Spells                   Type           Power      Damage    Failure   Level
 Call Canine Familiar     Summ           0%         N/A       100%        3
 Portal Projectile        Hex/Tloc       0%         N/A       100%        3
 Leda's Liquefaction      Hex/Erth       0%         N/A       100%        4


Dungeon Overview and Level Annotations

Branches:
Dungeon (2/15)

Altars:

Annotations:
D:2 Terence


Innate Abilities, Weirdness & Mutations

Your demonic aura sometimes causes spilled blood to erupt in flames.


Message History

You see here a giant cockroach corpse.
There is an open door here.
There is an open door here.
You open the door.
There is an open door here.
Terence the Incautious comes into view.
He is wielding a +0 trident and carrying a wand of flame (14).
Terence shouts!
Terence zaps a wand.
The puff of flame hits you.
Terence is nearby!
Terence is nearby!
Terence zaps a wand.
The puff of flame hits you.
Unknown command.
A worm comes into view.
Terence zaps a wand.
The puff of flame hits you but does no damage.
There is an open door here.
Terence zaps a wand.
The puff of flame hits you but does no damage.
Terence zaps a wand.
The puff of flame hits you!
There is an open door here.
Terence zaps a wand.
You block the puff of flame.
You close the door.
Terence breaks down the door.
You start resting.
Terence is nearby!
You feel very mighty all of a sudden. Terence hits you but does no damage.
Reach: a) +0 trident
Press: ? - help, Dir - move target, f - Terence
Aim: Terence, wielding a +0 trident, wearing a +0 ring mail and carrying a wand of flame (8) (about 35% to evade your +0 trident)
You reach to attack!
You barely miss Terence.
Terence zaps a wand.
The puff of flame hits you!
* * * LOW HITPOINT WARNING * * *
Reach: a) +0 trident
Press: ? - help, Dir - move target, f/p - Terence
Aim: Terence, wielding a +0 trident, wearing a +0 ring mail and carrying a wand of flame (7) (about 35% to evade your +0 trident)
You reach to attack!
You hit Terence.
Terence is lightly wounded.
Terence zaps a wand.
The puff of flame hits you!
You die...

####. ####.##.##.#########.
###....#####.##.##...........
.......).....†.....########..
#..........####..# #..
#)...##.#..# #..# #..
#..........# #..########..
#####†###.#####..##.....#..
##......###......##.###.#..
#........#@.###..##.###.#..
#...##...##.# #..##.##.....
+..# ##..##@# #....#.......
#..####.@'..# #..)###....#.
#...##...##.# ####.#.##.##.
#........##.# ##.###.###
###......###.# ##....# #
#.###'#### #.# #.#### # #
#.....# #.# ##.## #


You could see Terence.

Vanquished Creatures
  An adder (D:2)
  3 ball pythons (D:1)
  3 endoplasms (D:1)
  4 giant cockroaches
  4 goblins
  5 hobgoblins
  6 kobolds (D:1)
  3 quokkas
  4 frilled lizards (D:1)
  3 rats
36 creatures vanquished.

Notes
Turn   | Place    | Note
-------+----------+-------------------------------------------
     0 | D:1      | Anandil the Demonspawn Fighter began the quest for the Orb.
     0 | D:1      | Reached XP level 1. HP: 18/18 MP: 1/1
    58 | D:1      | Gained mutation: Your demonic aura sometimes causes spilled
                  | blood to erupt in flames. [demonic ancestry]
    58 | D:1      | Reached XP level 2. HP: 20/24 MP: 2/2
   328 | D:1      | Reached XP level 3. HP: 29/29 MP: 3/3
   757 | D:2      | Noticed Terence
   784 | D:2      | Killed from afar by Terence

Illustrated notes

Levels and vault maps discovered:
D:1:      minmay_arrival_solitary_statue, layout_basic, serial_park_tiny_1
D:2:      layout_loops_ring, hex_medium, kennysheep_another_room, uniq_terence,
          uniq_natasha, uniq_jessica

Skill      XL: |  1  2 |
---------------+-------+-----
Polearms       | 2 |  2.3
Shields        | 3 |  3.1
Armour         | 3 |  3.1
Fighting       | |  3.4

Action                     || total
---------------------------++-------
  Melee: Trident           ||   110
    Use: Potion            ||     1
 Armour: Scale mail        ||    16
         Chain mail        ||    30
  Dodge: Dodged            ||    26
  Block: Buckler           ||    22
